 Dungeon Crawl Stone Soup version 0.32-a0-834-geaf45d8e21 (webtiles) character file.

Game seed: 12288400553482180877

60 AstroCodex24 the Shield-Bearer (level 3, -1/31 HPs)
             Began as a Demigod Fighter on Mar 26, 2024.
             Killed from afar by an orc wizard (14 damage)
             ... with a puff of flame
             ... on level 4 of the Dungeon.
             The game lasted 00:03:36 (592 turns).

AstroCodex24 the Shield-Bearer (Demigod Fighter)     Turns: 592, Time: 00:03:37

Health: -1/31      AC: 11    Str: 21    XL:     3   Next: 55%
Magic:  5/5        EV:  5    Int: 10    God:
Gold:   26         SH:  0    Dex: 13    Spells: 2/2 levels left

rFire   . . .        a - +0 war axe
rCold   . . .        c - +0 buckler
rNeg    . . .        g - +0 plate armour
rPois   .            (no helmet)
rElec   .            (no cloak)
rCorr   .            (no gloves)
SInv    .            (no boots)
Will    .....        (no amulet) Stlth
                     (no ring)
HPRegen 0.25/turn    (no ring)
MPRegen 0.09/turn

%: no passive effects
@: confused, on fire, glowing
A: high MP 1, forlorn, divine attributes
a: no special abilities


You were on level 4 of the Dungeon.
You visited 1 branch of the dungeon, and saw 4 of its levels.

You collected 26 gold pieces.

Inventory:

Hand Weapons
 a - a +0 war axe (weapon)
Missiles
 h - 24 stones (quivered)
Armour
 c - a +0 buckler (worn)
 g - a +0 plate armour (worn)
Jewellery
 b - an amulet of the acrobat
Scrolls
 f - a scroll of immolation {unknown}
 i - 3 scrolls of enchant armour {unknown}
 j - a scroll of teleportation {unknown}
 k - a scroll of fear {unknown}
Potions
 d - a potion of might
 e - a potion of ambrosia {unknown}


   Skills:
 + Level 3.1 Fighting
 + Level 2.4 Axes
 + Level 3.0 Armour
 + Level 0.4 Dodging
 + Level 0.1 Stealth
 + Level 3.3 Shields


You had 2 spell levels left.
You didn't know any spells.
Your spell library contained the following spells:

 Spells                   Type           Power      Damage    Failure   Level
 Volatile Blastmotes      Fire/Tloc      0%         2d10      100%        3
 Fulminant Prism          Conj/Alch      0%         3d5       100%        4
 Iskenderun's Mystic Bla  Conj/Tloc      0%         2d3       100%        4


Dungeon Overview and Level Annotations

Branches:
Dungeon (4/15)             Temple (0/1) D:4

Annotations:
D:3 1 runed translucent door, bakla's ghost, amateur CoCK


Innate Abilities, Weirdness & Mutations

You have an increased reservoir of magic. (+10% MP)
You shall have no god before yourself.
Your divine heritage dramatically boosts your attributes as you level up.


Message History

Found a scroll labelled DAWUAT TIDEGH.
Found 14 gold pieces.
k - a scroll labelled DAWUAT TIDEGH You now have 26 gold pieces (gained 14).
A bombardier beetle and an orc wizard come into view.
The orc wizard shouts!
You hear a shout!
An orc comes into view.
It is wielding a +0 whip of electrocution.
An orc comes into view. It is wielding a +0 falchion.
The orc throws a boomerang.
You block the boomerang.
The orc wizard gestures wildly while chanting.
The orc wizard flickers and vanishes!
Deactivating autopickup; reactivate with Ctrl-A.
Okay, then.
The bombardier beetle bites you.
You barely miss the bombardier beetle.
You hear some strange, mumbled words.
You are confused.
The bombardier beetle bites you but does no damage.
You miss the bombardier beetle.
You hear some strange, mumbled words.
You are more confused.
You bump into the stone wall.
The bombardier beetle bites you but does no damage.
You bump into the stone wall.
Something hits you.
The bombardier beetle sprays incendiary fluid at you.
The burning spray hits you.
You are covered in liquid fire!
You hit the bombardier beetle.
The bombardier beetle is lightly wounded.
You miss something. The liquid fire burns you! Something hits you.
You slash the bombardier beetle!
The bombardier beetle is heavily wounded.
You closely miss something. The liquid fire burns you!
You hear some strange, mumbled words.
A puff of flame appears from out of thin air!
The puff of flame hits you!
You die...

##.## ... ... ... #.# #o#
#.#####o# #.....B{#
#######@# . ##.######## #.
#.........#######..
##..##.###..........
##)................#.
#.......≈≈≈≈≈......#
#######.....≈≈≈≈≈≈≈≈≈....#
#.........≈≈≈≈≈≈≈≈≈≈≈≈≈..#
#.....##.≈≈≈≈≈≈≈≈≈≈≈≈≈≈≈.#


You could see a bombardier beetle and 2 orcs.

Vanquished Creatures
  A jelly (D:3)
  A ribbon worm (D:3)
  2 ball pythons
  3 bats
  A bat skeleton (D:2)
  2 endoplasms (D:3)
  2 goblins (D:3)
  4 jackals (D:1)
  2 quokkas
  A ball python zombie (D:2)
  A frilled lizard (D:1)
  A jackal skeleton (D:2)
  A jackal zombie (D:2)
  4 kobolds
26 creatures vanquished.

Notes
Turn   | Place    | Note
-------+----------+-------------------------------------------
     0 | D:1      | AstroCodex24 the Demigod Fighter began the quest for the
                  | Orb.
     0 | D:1      | Reached XP level 1. HP: 18/18 MP: 3/3
   115 | D:2      | Reached XP level 2. HP: 21/25 MP: 4/4
   287 | D:3      | Noticed bakla's ghost (amateur CoCK)
   287 | D:3      | Found a runed translucent door.
   479 | D:3      | Reached XP level 3. HP: 21/31 MP: 5/5
   548 | D:4      | Found a staircase to the Ecumenical Temple.
   592 | D:4      | Killed from afar by an orc wizard

Illustrated notes

Levels and vault maps discovered:
D:1:      minmay_arrival_arboretum_small, layout_loops_ring, serial_glass,
          glass_columns_c, glass_columns_a
D:2:      layout_loops_ring, serial_undead, serial_undead_d, serial_undead_f,
          serial_undead_e, serial_undead_c, serial_undead_a, serial_undead_b,
          serial_undead_a, serial_undead_c, serial_undead_c, serial_undead_f,
          chequers_serial_rivers_room_a, uniq_terence
D:3:      minmay_goblin_kobold_castle, layout_loops_ring,
          hellmonk_ghost_happy_afterlife
D:4:      layout_loops_corners, chequers_temple_overflow_minitemple,
          temple_pool_b, serial_aquarium, aquarium_bridge_island_small
          [aquarium_subvault_small_open, aquarium_subvault_balcony,
          aquarium_subvault_bridge, aquarium_subvault_bridge,
          aquarium_subvault_bridge], aquarium_window_1, aquarium_window_2,
          aquarium_window_fake, aquarium_window_1, aquarium_view_2b,
          aquarium_pool_2

Skill      XL: |  1  2 |
---------------+-------+-----
Shields        | 3 |  3.3
Axes           | 2 |  2.4
Fighting       | 3 |  3.1
Armour         | 3 |  3.0
Dodging        | |  0.4
Stealth        | |  0.1

Action                     || total
---------------------------++-------
  Melee: War axe           ||    89
 Armour: Scale mail        ||   104
         Plate armour      ||    47
  Dodge: Dodged            ||    53
  Block: Buckler           ||    44

Table legend: (Time is in decaauts)
 A = Elapsed time spent in this place.
 B = Non-inter-level travel time spent in this place.
 C = Inter-level travel time spent in this place.
 D = Time resting spent in this place.
 E = Time spent auto-exploring this place.
 F = Levels seen in this place.
 G = Mean time per level.
                   A        B        C        D        E       F      G
               +--------+--------+--------+--------+--------+-----+--------+
         Total |    630 |    630 |      0 |      0 |      0 |   4 |  157.5 |
       Dungeon |    630 |    630 |      0 |      0 |      0 |   4 |  157.5 |
               +--------+--------+--------+--------+--------+-----+--------+

Top non-repeatable levels by time:
     D:3: 257 daAuts
     D:2: 193 daAuts
     D:1: 117 daAuts
     D:4: 62 daAuts
